 Dungeon Crawl Stone Soup version 0.27.1-33-g824d729ab1 (webtiles) character file.

Game seed: 13539618366395260978

6 Holzbalken the Chopper (level 1, -1/16 HPs)
             Began as a Demonspawn Gladiator on Dec 8, 2021.
             Killed from afar by a dart slug (4 damage)
             ... with a slug dart
             ... on level 1 of the Dungeon.
             The game lasted 00:00:55 (102 turns).

Holzbalken the Chopper (Demonspawn Gladiator)        Turns: 102, Time: 00:00:55

Health: -1/16      AC:  4    Str: 14    XL:     1   Next: 75%
Magic:  1/1        EV: 12    Int:  9    God:
Gold:   0          SH:  0    Dex: 14    Spells: 0/0 levels left

rFire    . . .     SeeInvis .   a - +0 war axe
rCold    . . .     Faith    .   (no shield)
rNeg     . . .     Spirit   .   b - +0 leather armour
rPois    .         Reflect  .   c - +0 helmet
rElec    .         Harm     .   (no cloak)
rCorr    .         Rampage  .   (no gloves)
Will     .....                  (no boots)
Stlth    +.........             (no amulet)
HPRegen  0.05/turn              (no ring)
MPRegen  0.07/turn              (no ring)

@: no status effects
A: no striking features
a: no special abilities


You were on level 1 of the Dungeon.
You visited 1 branch of the dungeon, and saw 1 of its levels.

Inventory:

Hand Weapons
 a - a +0 war axe (weapon)
Missiles
 d - 3 throwing nets (quivered)
Armour
 b - a +0 leather armour (worn)
 c - a +0 helmet (worn)
Scrolls
 e - a scroll of identify {unknown}
 f - a scroll of teleportation {unknown}


   Skills:
 - Level 2.0 Fighting
 + Level 3.1 Axes
 - Level 1.7 Throwing
 - Level 2.6 Dodging


You couldn't memorise any spells.
You didn't know any spells.
Your spell library was empty.

Dungeon Overview and Level Annotations

Branches:
Dungeon (1/15)

Altars:

Shops:
D:1 !


Message History

A goblin comes into view. It is wielding a +0 dagger.
You slash the hobgoblin!
You kill the hobgoblin!
The ball python bites you but does no damage.
The ball python misses you.
You closely miss the ball python. The ball python bites you.
The ball python closely misses you.
You slash the ball python!
You kill the ball python!
You hit the goblin but do no damage.
The goblin hits you with a +0 dagger. x2
You slash the goblin!
You kill the goblin!
A dart slug comes into view.
The rat barely misses you.
Your Axes skill increases to level 3!
You hit the rat.
You kill the rat!
The dart slug launches a dart at you. The slug dart hits you.
* * * LOW HITPOINT WARNING * * *
The dart slug launches a dart at you.
The slug dart hits you but does no damage.
Items here: ) ? ††.
Found 18 sling bullets.
Items here: ) ? ††.
Things that are here:
a +0 dagger; 2 stones A giant cockroach comes into view.
The giant cockroach barely misses you.
You hit the giant cockroach.
The giant cockroach is heavily wounded.
The giant cockroach bites you but does no damage. x2
You hit the giant cockroach.
You kill the giant cockroach!
Found 14 stones.
You start resting.
A dart slug is nearby!
The dart slug launches a dart at you. The slug dart hits you.
You die...

..........##.#..##.#.#......#
.........###.###............#
w........# #..##..##...P^..P.
.....###)# #......##.....)...
..... #.# #.#...∩.......<...
..... #.# #.####............
. .. #w# #.####..##..P...P.
#.#)# #.####..##.......#
#...# #@# ##..........#
##....w.....##........##
##.........##........#
............#..........#
###.........#..........#
#........(# #..........
#....(....#.


You could see a dart slug.

Vanquished Creatures
  A giant cockroach (D:1)
  A goblin (D:1)
  A hobgoblin (D:1)
  A ball python (D:1)
  A kobold (D:1)
  A rat (D:1)
6 creatures vanquished.

Notes
Turn   | Place    | Note
-------+----------+-------------------------------------------
     0 | D:1      | Holzbalken the Demonspawn Gladiator began the quest for the
                  | Orb.
     0 | D:1      | Reached XP level 1. HP: 16/16 MP: 1/1
     1 | D:1      | Found Asogeen's Distillery.
    57 | D:1      | Reached skill level 3 in Axes
   102 | D:1      | Killed from afar by a dart slug

Illustrated notes

Levels and vault maps discovered:
D:1:      dpeg_arrival_orchard, layout_rooms, serial_shops, nicolae_square_shop

Skill      XL: |  1 |
---------------+----+-----
Axes           | 3 |  3.1
Fighting       | |  2.0
Throwing       | |  1.7
Dodging        | |  2.6

Action                   || total
-------------------------++-------
Melee: War axe           ||    16
Armor: Leather armour    ||     5
Dodge: Dodged            ||    11
